 Dungeon Sprint DCSS version 0.16-a0-3643-g096a701 (webtiles) character file.

4671 BluebellGnoll the Cleaver (level 10, -3/122 HPs)
             Began as a Minotaur Fighter on Jan 16, 2015.
             Was the Champion of Makhleb.
             Slain by a 12-headed hydra (7 damage)
             ... in the Dungeon (Sprint VI: "Thunderdome").
             The game lasted 00:21:02 (1748 turns).

BluebellGnoll the Cleaver (Minotaur Fighter)        Turns: 1748, Time: 00:21:03

Health: -3/122     AC: 16    Str: 23    XL:     10   Next: 99%
Magic:  47/47      EV:  8    Int:  3    God:    Makhleb [******]
Gold:   15         SH: 27    Dex: 17    Spells: 0 memorised, 9 levels left

rFire  . . .     SeeInvis +     a - +0 war axe (freeze)
rCold  . . .     Clarity  .     b - +0 scale mail
rNeg   + + .     SustAb   .     y - +8 large shield "Trudix" {+Inv MP+9}
rPois  .         Gourm    .     (helmet restricted)
rElec  +         Spirit   .     x - +2 cloak of the Sun {+Rage MP+9}
rCorr  +         Warding  .     c - +2 pair of gloves of Agoraphobia {+Rage HP+9 MP+9 Dex+4 Slay-5}
rMut   .         NoTele   +     v - +0 pair of boots of Smiena Sehu {+Rage rN+ HP+9 Int-4 SInv}
MR     .....                    r - amulet "Estrovymm" {rCorr +Fly Int+2 Dex+2 Slay+5}
Stlth  ..........               s - ring of Hard Scrabble {Noisy +Rage rElec Slay+3 Stlth-}
                                p - ring "Ytyufeukh" {+Inv rN+ SInv}

@: not resistant to hostile enchantments, extremely unstealthy
A: retaliatory headbutt, horns 2
a: Minor Destruction, Lesser Servant of Makhleb, Major Destruction, Greater
Servant of Makhleb, Renounce Religion, Evoke Berserk Rage, Evoke Invisibility,
Evoke Flight
}: 2/15 runes: serpentine, barnacled


You were in the Dungeon.
You worshipped Makhleb.
Makhleb was exalted by your worship.
You were near starving.

You visited 1 branch You collected 2850 gold pieces.
You spent 2835 gold pieces at shops.

Inventory:

Hand weapons
 a - a +0 war axe of freezing (weapon)
Missiles
 t - 9 stones (quivered)
Armour
 b - a +0 scale mail (worn)
 c - the +2 pair of gloves of Agoraphobia (worn) {+Rage HP+9 MP+9 Dex+4 Slay-5}
   (You bought it in a shop in the Dungeon)

   It affects your dexterity (+4).
   It affects your accuracy and damage with ranged weapons and melee attacks
   (-5).
   It affects your health (+9).
   It affects your magic capacity (+9).
   It lets you go berserk.
 v - the +0 pair of boots of Smiena Sehu (worn) {+Rage rN+ HP+9 Int-4 SInv}
   (You bought it in a shop in the Dungeon)

   It affects your intelligence (-4).
   It protects you from negative energy.
   It affects your health (+9).
   It enhances your eyesight.
   It lets you go berserk.
 x - the +2 cloak of the Sun (worn) {+Rage MP+9}
   (You bought it in a shop in the Dungeon)

   It affects your magic capacity (+9).
   It lets you go berserk.
 y - the +8 large shield "Trudix" (worn) {+Inv MP+9}
   (You bought it in a shop in the Dungeon)

   It affects your magic capacity (+9).
   It lets you turn invisible.
Rods
 u - a +4 rod of the swarm (9/9)
   (You found it in the Dungeon)
Jewellery
 p - the ring "Ytyufeukh" (left hand) {+Inv rN+ SInv}
   (You bought it in a shop in the Dungeon)

   [ring of invisibility]

   It protects you from negative energy.
   It enhances your eyesight.
   It lets you turn invisible.
 q - the ring "Mneih" {-Cast +Blink HP-9 Str+4 Int+3 Stlth-}
   (You bought it in a shop in the Dungeon)

   [ring of loudness]

   It affects your strength (+4).
   It affects your intelligence (+3).
   It affects your health (-9).
   It lets you blink.
   It prevents spellcasting.
   It makes you less stealthy.
 r - the amulet "Estrovymm" (around neck) {rCorr +Fly Int+2 Dex+2 Slay+5}
   (You bought it in a shop in the Dungeon)

   [amulet of resist corrosion]

   It protects you from acid and corrosion.
   It affects your intelligence (+2).
   It affects your dexterity (+2).
   It affects your accuracy and damage with ranged weapons and melee attacks
   (+5).
   It lets you fly.
 s - the ring of Hard Scrabble (right hand) {Noisy +Rage rElec Slay+3 Stlth-}
   (You bought it in a shop in the Dungeon)

   [ring of loudness]

   It affects your accuracy and damage with ranged weapons and melee attacks
   (+3).
   It insulates you from electricity.
   It lets you go berserk.
   It may make noises in combat.
   It makes you less stealthy.
Magical devices
 e - a wand of hasting (3)
 l - a wand of cold (2)
 m - a wand of fire (0)
Scrolls
 k - 4 scrolls of blinking
 n - 3 scrolls of fog
 w - 6 scrolls of identify
 z - 15 scrolls of remove curse
Potions
 f - a potion of experience
 g - 3 potions of heal wounds
 h - 3 potions of haste
 i - 2 potions of magic
 j - a potion of berserk rage
 o - a potion of resistance
Comestibles
 d - a bread ration


   Skills:
 - Level 14.3 Fighting
 - Level 14.4 Axes
 - Level 8.6 Armour
 - Level 1.5 Dodging
 - Level 12.8 Shields
 - Level 7.2 Unarmed Combat
 * Level 9.5 Invocations
 * Level 9.3 Evocations


You had 9 spell levels left.
You didn't know any spells.

Dungeon Overview and Level Annotations

Branches:
Dungeon (1/1)

Altars:
Cheibriados
Dithmenos
Elyvilon
Fedhas
Gozag
Kikubaaqudgha
Makhleb
Nemelex Xobeh
Okawaru
Qazlal
Ru
Sif Muna
Trog
Vehumet
Xom
Yredelemnul
Zin
The Shining One
Jiyva
Lugonu

Shops:
D *[%??*?*:[((!!!!

Annotations:
D Maud


Innate Abilities, Weirdness & Mutations

You reflexively headbutt those who attack you in melee.
You have a pair of horns on your head.


Message History

You block the 12-headed hydra's attack. The 12-headed hydra bites you.
The 12-headed hydra bites you but does no damage.
You block the 12-headed hydra's attack. The 12-headed hydra bites you.
The 12-headed hydra bites you but does no damage.
You block the 12-headed hydra's attack. The 12-headed hydra bites you.
* * * LOW HITPOINT WARNING * * *
Use which ability? (? or * to list)
A demon appears!
You are near starving!
The 12-headed hydra bites you but does no damage. x2
You block the 12-headed hydra's attack. x3
The 12-headed hydra bites you.
* * * LOW HITPOINT WARNING * * *
The 12-headed hydra bites you!
* * * LOW HITPOINT WARNING * * *
The 12-headed hydra bites you but does no damage.
The 12-headed hydra closely misses you. The 12-headed hydra bites you.
* * * LOW HITPOINT WARNING * * *
The 12-headed hydra bites you!
You die...

##### ##⌠⌠§## #.....# ##.....##
##∩..Q..∩## #∩..)....∩#
#_...@..._# #...D..2._#
#_........# ###....(..@.###
#⌠)...(......§#
######.8.....)...8.######
##∩___....(.###)).....__∩##
###∩.......(8.# #.8........∩###
##.........((..###.....(.......##


You could see Maud, a 12-headed hydra, a tengu warrior and a friendly green
death.

Vanquished Creatures
  A merfolk avatar (D)
  An anaconda (D)
  3 phantasmal warriors (D)
  A shadow (D)
  A wraith (D)
  An insubstantial wisp (D)
  4 sky beasts (D)
  An orc warrior (D)
  Purgy (D)
  2 necrophages (D)
  10 centaurs (D)
  A phantom (D)
  A lightning spire (D)
  11 giant spores (D)
  A river rat (D)
  An adder skeleton (D)
  A bat skeleton (D)
  A bat zombie (D)
  4 quokkas (D)
  4 kobolds (D)
  19 ballistomycetes (D)
70 creatures vanquished.

Vanquished Creatures (collateral kills)
  A phantasmal warrior (D)
  2 wraiths (D)
3 creatures vanquished.

Vanquished Creatures (others)
  An eldritch tentacle (D)
  6 giant spores (D)
  4 kobolds (D)
  36 eldritch tentacle segments (D)
47 creatures vanquished.

Grand Total: 120 creatures vanquished

Notes
Turn   | Place    | Note
--------------------------------------------------------------
     0 | D        | BluebellGnoll, the Minotaur Fighter, began the quest for the Orb.
     0 | D        | Reached XP level 1. HP: 19/19 MP: 1/1
     1 | D        | Found a blossoming altar of Fedhas.
     1 | D        | Found a burning altar of Makhleb.
     2 | D        | Found a shadowy altar of Dithmenos.
     2 | D        | Found an ancient bone altar of Kikubaaqudgha.
     3 | D        | Found a sacrificial altar of Ru.
     3 | D        | Found an iron altar of Okawaru.
     4 | D        | Found Twaod's Do-It-Yourself Clinic.
     4 | D        | Found an opulent altar of Gozag.
     4 | D        | Found Prast's Weapon Rack.
     4 | D        | Found Klyxkoutte's Basic Armour.
     5 | D        | Found a viscous altar of Jiyva.
     5 | D        | Round 1.
     8 | D        | Found Pleeteha's Miscellaneous Merchandise.
     9 | D        | Became a worshipper of Makhleb the Destroyer
    10 | D        | Found a corrupted altar of Lugonu.
    10 | D        | Found Qaok's Premium Goods.
    13 | D        | Found a snail-covered altar of Cheibriados.
    14 | D        | Found a deep blue altar of Sif Muna.
    16 | D        | Found Qokhlarhen's Identification Station.
    17 | D        | Found Broufay's Advanced Armour.
    17 | D        | Found a sparkling altar of Nemelex Xobeh.
    18 | D        | Found a bloodstained altar of Trog.
    18 | D        | Found a glowing silver altar of Zin.
    19 | D        | Found Bron Kla's Jewellery.
    19 | D        | Found Osiogg's Bee Food.
    21 | D        | Found a stormy altar of Qazlal.
    23 | D        | Noticed a necrophage
    27 | D        | Reached skill level 4 in Fighting
    33 | D        | Killed a necrophage
    33 | D        | Acquired Makhleb's first power
    33 | D        | Reached skill level 7 in Fighting
    33 | D        | Reached XP level 2. HP: 18/34 MP: 1/1
    33 | D        | Reached XP level 3. HP: 20/39 MP: 2/2
    33 | D        | Reached XP level 4. HP: 24/47 MP: 2/2
    38 | D        | Bought a vibrating jade ring for 45 gold pieces
    38 | D        | Bought a glittering tin ring for 45 gold pieces
    38 | D        | Bought a glittering zirconium amulet for 45 gold pieces
    38 | D        | Bought a sparkling pewter ring for 45 gold pieces
    38 | D        | Identified the ring "Ytyufeukh" {+Inv rN+ SInv} (You bought it in a shop in the Dungeon)
    39 | D        | Identified the ring "Mneih" {-Cast +Blink HP-9 Str+4 Int+3 Stlth-} (You bought it in a shop in the Dungeon)
    41 | D        | Identified the ring of Hard Scrabble {Noisy +Rage rElec Slay+3 Stlth-} (You bought it in a shop in the Dungeon)
    42 | D        | Identified the amulet "Estrovymm" {rCorr +Fly Int+2 Dex+2 Slay+5} (You bought it in a shop in the Dungeon)
    76 | D        | Found Izaum's Bottled Wisdom.
    78 | D        | Found Miackesa's Distillery.
    78 | D        | Found a radiant altar of Vehumet.
    79 | D        | Found a basalt altar of Yredelemnul.
    80 | D        | Found Ciawk's Distillery.
    97 | D        | Noticed a necrophage
    98 | D        | Found a white marble altar of Elyvilon.
    98 | D        | Found a glowing golden altar of the Shining One.
    98 | D        | Found Weg Inapp's Staff Store.
    98 | D        | Found Skosm's Must-Have Magic.
   103 | D        | Killed a necrophage
   103 | D        | Reached skill level 8 in Fighting
   103 | D        | Reached skill level 1 in Dodging
   103 | D        | Reached XP level 5. HP: 32/53 MP: 2/2
   104 | D        | Found a shimmering altar of Xom.
   104 | D        | Found Tesa's Magic Scroll Shop.
   104 | D        | Found Efuasm's Magic Scroll Shop.
   105 | D        | Noticed a phantom
   108 | D        | Acquired Makhleb's second power
   116 | D        | Killed a phantom
   116 | D        | Arena points: 14 (+14) [x2]
   116 | D        | Reached skill level 9 in Fighting
   116 | D        | Reached skill level 5 in Axes
   160 | D        | Round 2.
   241 | D        | Acquired Makhleb's third power
   241 | D        | Reached XP level 6. HP: 63/63 MP: 3/3
   279 | D        | Noticed Purgy
   285 | D        | Killed Purgy
   285 | D        | Acquired Makhleb's fourth power
   285 | D        | Arena points: 56 (+42) [x3]
   363 | D        | Round 3.
   371 | D        | Reached skill level 10 in Axes
   396 | D        | Reached skill level 11 in Axes
   396 | D        | Reached XP level 7. HP: 70/70 MP: 3/3
   418 | D        | Reached skill level 12 in Axes
   444 | D        | Acquired Makhleb's fifth power
   444 | D        | Reached skill level 13 in Axes
   450 | D        | Arena points: 140 (+84) [x4]
   450 | D        | Reached skill level 14 in Axes
   504 | D        | Round 4.
   602 | D        | Arena points: 320 (+180) [x5]
   623 | D        | Bought a pair of ichor-stained gloves for 332 gold pieces
   628 | D        | Identified the +0 pair of gloves "Rusu" {*Rage Regen+ Str+4} (You bought it in a shop in the Dungeon)
   670 | D        | Round 5.
   672 | D        | Noticed a giant anaconda
   689 | D        | Killed a giant anaconda
   689 | D        | Arena points: 565 (+245) [x7]
   689 | D        | Reached XP level 8. HP: 34/78 MP: 3/14
   690 | D        | Got a serpentine rune of Zot
   697 | D        | Reached XP level 9. HP: 28/83 MP: 4/16
   859 | D        | Round 6.
   983 | D        | Arena points: 997 (+432) [x8]
  1004 | D        | Bought a pair of crude boots for 332 gold pieces
  1009 | D        | Identified the +0 pair of boots of Smiena Sehu {+Rage rN+ HP+9 Int-4 SInv} (You bought it in a shop in the Dungeon)
  1020 | D        | Bought 3 scrolls of identify for 150 gold pieces
  1020 | D        | Bought 3 scrolls of identify for 150 gold pieces
  1056 | D        | Round 7.
  1062 | D        | Reached skill level 10 in Fighting
  1063 | D        | Noticed a phantasmal warrior
  1063 | D        | Noticed a phantasmal warrior
  1064 | D        | Noticed a phantasmal warrior
  1066 | D        | Noticed a phantasmal warrior
  1068 | D        | Killed a phantasmal warrior
  1068 | D        | Reached skill level 10 in Shields
  1068 | D        | Reached XP level 10. HP: 88/96 MP: 17/17
  1072 | D        | Killed a phantasmal warrior
  1074 | D        | Killed a phantasmal warrior
  1079 | D        | Killed a phantasmal warrior
  1079 | D        | Arena points: 1501 (+504) [x9]
  1087 | D        | Bought a bloodstained cloak for 332 gold pieces
  1092 | D        | Identified the +2 cloak of the Sun {+Rage MP+9} (You bought it in a shop in the Dungeon)
  1132 | D        | Round 8.
  1283 | D        | Arena points: 2381 (+880) [x10]
  1291 | D        | Bought a transparent large shield for 332 gold pieces
  1301 | D        | Identified the +8 large shield "Trudix" {+Inv MP+9} (You bought it in a shop in the Dungeon)
  1336 | D        | Round 9.
  1434 | D        | Arena points: 3371 (+990) [x11]
  1439 | D        | Bought a pair of translucent gloves for 332 gold pieces
  1449 | D        | Identified the +2 pair of gloves of Agoraphobia {+Rage HP+9 MP+9 Dex+4 Slay-5} (You bought it in a shop in the Dungeon)
  1510 | D        | Round 10.
  1519 | D        | Noticed a dimme
  1527 | D        | Noticed an eldritch tentacle
  1539 | D        | Noticed a griffon
  1546 | D        | Killed a dimme
  1546 | D        | Arena points: 4671 (+1300) [x13]
  1546 | D        | Killed an eldritch tentacle
  1547 | D        | Got a barnacled rune of Zot
  1551 | D        | Bought a scroll of brand weapon for 200 gold pieces
  1568 | D        | Bought 15 scrolls of remove curse for 450 gold pieces
  1580 | D        | Bought a transparent jade ring for 45 gold pieces
  1581 | D        | Identified the ring "Son Tumu" {SustAb Noisy +Inv HP+9 Int+3} (You bought it in a shop in the Dungeon)
  1729 | D        | Round 11.
  1729 | D        | Noticed a four-headed hydra
  1744 | D        | Noticed a tengu warrior
  1744 | D        | Noticed Maud
  1748 | D        | HP: 6/122 [12-headed hydra (12)]
  1748 | D        | Slain by a 12-headed hydra

Action                   |  1- 3 |  4- 6 |  7- 9 | 10-12 || total
-------------------------+-------+-------+-------+-------++-------
Melee: War axe           |    12 |    23 |    43 |    83 ||   161
Throw: Stone             |       |       |     9 |     5 ||    14
Invok: Greater Servant o |       |       |     1 |     1 ||     2
       Major Destruction |       |       |     1 |       ||     1
 Abil: Evoke Berserk Rag |       |       |     1 |       ||     1
Evoke: Wand              |       |     2 |     4 |     2 ||     8
  Use: Potion            |       |     1 |     3 |     1 ||     5
       Scroll            |       |       |       |     1 ||     1
  Eat: Chunk             |       |       |     1 |     3 ||     4
